 Dungeon Crawl Stone Soup version 0.18-a0-1121-gb454403 (webtiles) character file.

8513 Chiseanne the Fighter (level 11, -5/104 HPs)
             Began as a Centaur Air Elementalist on Jan 18, 2016.
             Was an Initiate of Gozag.
             Slain by Maud
             ... wielding a +1 demon trident of draining
              (9 damage)
             ... on level 11 of the Dungeon on Jan 19, 2016.
             The game lasted 00:37:15 (13996 turns).

Chiseanne the Fighter (Centaur Air Elementalist)   Turns: 13996, Time: 00:37:15

Health: -5/104     AC: 14    Str: 12    XL:     11   Next: 10%
Magic:  13/13      EV: 11    Int: 17    God:    Gozag
Gold:   444        SH:  7    Dex:  9    Spells: 3 memorised, 7 levels left

rFire  + . .     SeeInvis .     s - +2 scimitar (venom)
rCold  . . .     Gourm    .     r - +2 robe {rF+}
rNeg   . . .     Faith    .     w - +3 buckler
rPois  +         Spirit   .     o - +0 helmet
rElec  .         Dismiss  .     z - +0 cloak
rCorr  .         Reflect  .     S - +0 pair of gloves
SustAt .         Harm     .     (no barding)
MR     .....                    (no amulet)
Stlth  +.........               h - ring of poison resistance
                                H - +5 ring of protection

@: repel missiles, heavily drained, very quick, not resistant to hostile
enchantments, very unstealthy
A: hooves 3, deformed body, speed 2, tough skin 3
a: Potion Petition, Call Merchant, Bribe Branch, Renounce Religion


You were on level 11 of the Dungeon.
You worshipped Gozag.
Gozag was noncommittal.
You were not hungry.

You visited 1 branch of the dungeon, and saw 11 of its levels.

You collected 2165 gold pieces.
You spent 1703 gold pieces at shops.
You paid 18 gold pieces to Gozag.

Inventory:

Hand Weapons
 a - a +4 rapier of speed
 s - a +2 scimitar of venom (weapon)
Missiles
 m - 45 poisoned needles
 y - 34 bolts
 M - a javelin (quivered)
 U - 6 tomahawks of dispersal
 X - 14 bolts of frost
Armour
 o - a +0 helmet (worn)
 r - a +2 robe of fire resistance (worn)
 w - a +3 buckler (worn)
 z - a +0 cloak (worn)
 G - a +1 robe of cold resistance
 I - a +3 leather armour of fire resistance
 S - a +0 pair of gloves (worn)
 T - the +1 leather armour of the Gastropod {*Drain +Blink rElec}
   (You found it on level 8 of the Dungeon)

   It insulates you from electricity.
   It lets you blink.
   It causes draining when unequipped.
Magical Staves
 O - an uncursed staff of air
Jewellery
 h - a ring of poison resistance (right hand)
 i - an uncursed ring of positive energy
 u - a +3 ring of strength
 A - a +3 ring of protection
 H - a +5 ring of protection (left hand)
Wands
 l - a wand of digging (7/24)
Scrolls
 d - 4 scrolls of teleportation
 e - 2 scrolls of fear
 f - 4 scrolls of amnesia
 g - 5 scrolls of blinking
 k - 6 scrolls of remove curse
 v - a scroll of summoning
 x - 3 scrolls of enchant armour
 B - 5 scrolls of recharging
 F - 4 scrolls of magic mapping
 K - a scroll of holy word
 Q - 8 scrolls of identify
 V - a scroll of immolation
 Y - a scroll of fog
Potions
 j - 8 potions of curing
 n - 2 potions of magic
 q - a potion of cancellation
 t - a potion of flight
 C - a potion of ambrosia
 E - 2 potions of heal wounds
 P - 2 potions of brilliance
 W - a potion of resistance
Books
 b - a book of Air

   Spells                             Type                      Level
   a - Shock                          Conjuration/Air              1
   b - Swiftness                      Charms/Air                   2
   c - Repel Missiles                 Charms/Air                   2
   d - Static Discharge               Conjuration/Air              3
   e - Lightning Bolt                 Conjuration/Air              5
Comestibles
 c - 6 bread rations
 D - 5 meat rations


   Skills:
 * Level 11.8(9.5) Fighting
 * Level 8.4(6.3) Dodging
 - Level 1.2(0.0) Stealth
 * Level 4.6(2.8) Shields
 - Level 1.5(0.0) Spellcasting
 - Level 0.8(0.0) Conjurations
 - Level 2.6(0.9) Air Magic


You had 7 spell levels left.
You knew the following spells:

 Your Spells              Type           Power        Failure   Level  Hunger
a - Shock                 Conj/Air       #...         24%         1    ##.....
b - Repel Missiles        Chrm/Air       #.....       34%         2    ###....
c - Static Discharge      Conj/Air       #.......     73%         3    ####...


Dungeon Overview and Level Annotations

Branches:
Dungeon (11/15)            Temple (0/1) D:6             Orc (0/2) D:9
   Lair: D:8-11

Altars:
Dithmenos
Fedhas
Gozag
Kikubaaqudgha
Makhleb
Okawaru
Qazlal
Ru
Vehumet
Yredelemnul
Zin
The Shining One

Shops:
D:4 ?   D:5 *   D:6 *%?[

Annotations:
D:11 Maud; Snorg; ThermosAquaticus's ghost, journeyman FoAK


Innate Abilities, Weirdness & Mutations

You have hooves in place of feet.
Armour fits poorly on your strangely shaped body.
You cover ground very quickly.
You have extremely tough skin (AC +3).


Message History

Throwing (i - inventory. (,) - cycle):
M - 2 javelins (quivered)
Press: ? - help, Shift-Dir - straight line, f/p - Maud
Aim: Maud, wielding a demon trident of draining and wearing a plate armour (lightly wounded, poisoned)
You throw a javelin. The javelin hits Maud!
Maud is moderately wounded.
Maud hits you from afar with a demon trident of draining!
You feel drained.
Maud hits you with a demon trident of draining!!!
You feel drained.
You hit Maud.
Maud looks even sicker.
Your kick misses Maud.
Maud is moderately wounded.
Maud hits you with a demon trident of draining!
You feel drained.
You hit Maud. Your kick misses Maud.
Maud is moderately wounded.
Maud hits you with a demon trident of draining!!
* * * LOW HITPOINT WARNING * * *
You feel drained.
You die...
Your body crumbles into a pile of gold.

.............#...............
########.........#...............
.........[@......#...............
............######......######...
............#................#...
............#................#...
.......######................#...
.......#.....................#...
.......#..(((((@@..######....####
.................#...............
.................#...............
.................#...............
.................#..........>....
#################################


You could see Maud.

Vanquished Creatures
  Erolcha (D:11)
  An unseen horror (D:9)
  A hill giant (D:10)
  A troll (D:8)
  A two-headed ogre (D:8)
  Sigmund (D:6)
  5 yaks (D:10)
  A hippogriff (D:10)
  Eustachio (D:5)
  Menkaure (D:6)
  A water moccasin (D:9)
  2 black bears (D:6)
  3 ice beasts
  A wasp (D:9)
  6 orc warriors
  2 sky beasts
  2 necrophages (D:9)
  3 ogres
  4 centaurs
  A crocodile (D:11)
  A big kobold (D:8)
  Blork the orc (D:6)
  4 giant frogs
  A water moccasin skeleton (D:9)
  A wyvern skeleton (D:9)
  2 killer bees
  7 scorpions
  3 wights (D:9)
  A giant frog zombie (D:8)
  2 centaur zombies
  4 crimson imps
  2 giant frog skeletons
  4 jellies
  A wasp zombie (D:6)
  Crazy Yiuf (D:5)
  4 hounds
  8 orc wizards
  A gnoll shaman (D:8)
  6 orc priests
  2 centaur skeletons
  2 iguanas
  5 worker ants
  A hound zombie (D:6)
  3 worker ant zombies
  Robin (D:2)
  4 gnolls (D:8)
  10 adders
  3 shadow imps
  2 oozes (D:1)
  An adder skeleton (D:9)
  3 worms
  9 giant geckos
  32 orcs
  8 bats
  13 giant cockroaches
  17 goblins
  11 hobgoblins
  21 jackals
  11 kobolds
  3 quokkas
  A ball python (D:3)
  A giant gecko skeleton (D:6)
  6 giant newts
  A quokka skeleton (D:4)
  11 rats
275 creatures vanquished.

Notes
Turn   | Place    | Note
--------------------------------------------------------------
     0 | D:1      | Chiseanne the Centaur Air Elementalist began the quest for the Orb.
     0 | D:1      | Reached XP level 1. HP: 14/14 MP: 3/3
     1 | D:1      | Found a runed door.
   139 | D:1      | Reached skill level 1 in Fighting
   533 | D:1      | Reached XP level 2. HP: 20/23 MP: 4/4
   774 | D:1      | Reached XP level 3. HP: 27/30 MP: 5/5
  1047 | D:1      | Reached skill level 3 in Fighting
  1283 | D:2      | Noticed Robin
  1290 | D:2      | Reached XP level 4. HP: 22/39 MP: 6/6
  1793 | D:2      | Reached skill level 4 in Fighting
  1809 | D:1      | HP: 2/40 [hobgoblin[Robin] (4)]
  2137 | D:2      | Killed Robin
  2444 | D:2      | Found an opulent altar of Gozag.
  2458 | D:2      | Became a worshipper of Gozag Ym Sagoz the Greedy
  2594 | D:2      | Found a radiant altar of Vehumet.
  2601 | D:2      | Found a basalt altar of Yredelemnul.
  2602 | D:2      | Found a sacrificial altar of Ru.
  2604 | D:2      | Found a burning altar of Makhleb.
  2682 | D:2      | Found a glowing silver altar of Zin.
  2984 | D:3      | Reached XP level 5. HP: 44/47 MP: 7/7
  3327 | D:3      | Reached skill level 5 in Fighting
  4234 | D:4      | Found Neegosib's Magic Scroll Shoppe.
  4237 | D:4      | Bought a scroll of random uselessness for 10 gold pieces
  4237 | D:4      | Bought a scroll of amnesia for 35 gold pieces
  4237 | D:4      | Bought a scroll of blinking for 75 gold pieces
  4237 | D:4      | Bought a scroll of summoning for 95 gold pieces
  4237 | D:4      | Bought a scroll of torment for 75 gold pieces
  4323 | D:4      | Reached XP level 6. HP: 36/56 MP: 8/8
  4415 | D:4      | Learned a level 2 spell: Repel Missiles
  4477 | D:4      | Learned a level 3 spell: Static Discharge
  4496 | D:4      | Reached skill level 1 in Shields
  5013 | D:4      | Found an ancient bone altar of Kikubaaqudgha.
  5211 | D:5      | Entered Level 5 of the Dungeon
  5269 | D:5      | Found Dehawania's Assorted Antiques.
  5275 | D:5      | Bought a bubbling golden potion for 23 gold pieces
  5275 | D:5      | Bought a scroll of magic mapping for 91 gold pieces
  5292 | D:5      | Noticed Eustachio
  5314 | D:5      | Killed Eustachio
  5426 | D:5      | Reached XP level 7. HP: 57/62 MP: 9/9
  5437 | D:5      | Reached skill level 6 in Fighting
  5687 | D:5      | Found a shadowy altar of Dithmenos.
  6439 | D:5      | Noticed Crazy Yiuf
  6461 | D:5      | Killed Crazy Yiuf
  6604 | D:6      | Reached XP level 8. HP: 53/71 MP: 10/10
  6655 | D:6      | Found Beal's Armour Shoppe.
  6669 | D:6      | Reached skill level 7 in Fighting
  6730 | D:6      | Found Zucsoitt's Assorted Antiques.
  7389 | D:6      | Found a staircase to the Ecumenical Temple.
  7395 | D:6      | Bought a scroll of identify for 50 gold pieces
  7395 | D:6      | Bought a scroll of teleportation for 75 gold pieces
  7395 | D:6      | Bought a bubbling sapphire potion for 22 gold pieces
  7395 | D:6      | Bought 2 bubbling sapphire potions for 45 gold pieces
  7395 | D:6      | Bought a smoky dark potion for 22 gold pieces
  7443 | D:6      | Found Takos's Food Emporium.
  7444 | D:6      | Found Gamanir's Magic Scroll Shop.
  7470 | D:6      | Bought a scroll of holy word for 105 gold pieces
  7470 | D:6      | Bought a scroll of identify for 28 gold pieces
  7470 | D:6      | Bought a scroll of teleportation for 42 gold pieces
  7480 | D:6      | Bought a royal jelly for 20 gold pieces
  7562 | D:6      | Noticed Blork the orc
  7580 | D:6      | Killed Blork the orc
  7660 | D:6      | Reached skill level 8 in Fighting
  7668 | D:6      | Noticed Menkaure
  7683 | D:6      | Killed Menkaure
  7688 | D:6      | Reached XP level 9. HP: 29/81 MP: 11/11
  7949 | D:6      | Noticed Sigmund
  7982 | D:6      | Killed Sigmund
  8173 | D:6      | Found a blossoming altar of Fedhas.
  8173 | D:6      | Found an iron altar of Okawaru.
  8204 | D:6      | Bought a beef jerky for 15 gold pieces
  8204 | D:6      | Bought a beef jerky for 15 gold pieces
  8204 | D:6      | Bought a bread ration for 50 gold pieces
  8204 | D:6      | Bought a meat ration for 50 gold pieces
  8234 | D:7      | Reached skill level 5 in Dodging
  8804 | D:7      | Reached skill level 9 in Fighting
  9116 | D:6      | Bought a scroll of enchant weapon for 105 gold pieces
  9116 | D:6      | Bought a scroll of enchant weapon for 105 gold pieces
  9162 | D:8      | Got an amber-encrusted leather armour
  9252 | D:8      | Identified the +1 leather armour of the Gastropod {*Drain +Blink rElec} (You found it on level 8 of the Dungeon)
 10067 | D:8      | Found a glowing golden altar of the Shining One.
 10088 | D:8      | Found a stormy altar of Qazlal.
 10290 | D:9      | Reached XP level 10. HP: 91/93 MP: 12/12
 10789 | D:8      | Reached skill level 10 in Fighting
 10989 | D:9      | Found a staircase to the Orcish Mines.
 11398 | D:9      | Killed an unseen horror
 12220 | D:10     | Entered Level 10 of the Dungeon
 12298 | D:4      | Bought a scroll of brand weapon for 200 gold pieces
 12314 | D:4      | Bought a scroll of immolation for 35 gold pieces
 12314 | D:4      | Bought a scroll of identify for 20 gold pieces
 12314 | D:4      | Bought a scroll of recharging for 95 gold pieces
 12314 | D:4      | Bought a scroll of teleportation for 30 gold pieces
 12314 | D:4      | Bought a scroll of fog for 20 gold pieces
 12336 | D:6      | Bought a meat ration for 50 gold pieces
 12336 | D:6      | Bought a bread ration for 50 gold pieces
 12336 | D:6      | Bought a bread ration for 50 gold pieces
 12470 | D:10     | Noticed a hill giant
 12485 | D:10     | Killed a hill giant
 12485 | D:10     | Reached skill level 11 in Fighting
 13384 | D:11     | Noticed ThermosAquaticus's ghost (journeyman FoAK)
 13400 | D:11     | Noticed Snorg
 13720 | D:11     | Reached XP level 11. HP: 90/103 MP: 13/13
 13801 | D:11     | Noticed Erolcha
 13815 | D:11     | Killed Erolcha
 13957 | D:11     | Noticed Maud
 13996 | D:11     | HP: 4/104 [Maud/demon trident of draining (30)]
 13996 | D:11     | Slain by Maud

Vault maps used:
D:1:      dpeg_arrival_caged_fury
D:2:      minitemple, lemuel_round_altar, zin_scriptorium, uniq_robin
D:3:      lemuel_another_geyser
D:4:      kiku_gazebo_pond_becter, serial_shops, kennysheep_mini,
          hangedman_decor_growths
D:5:      lemuel_doored_altar, serial_shops, shop_fountains, first_bread,
          uniq_eustachio, uniq_crazy_yiuf_cottage
D:6:      gammafunk_temple_overflow_elements, temple_statues, serial_shops,
          nicolae_shop_temple_entry_statues_fountains, shop_fountains, shop,
          shop_statue, uniq_menkaure, uniq_sigmund, uniq_blork_the_orc
D:8:      nicolae_overflow_crystal_walls, kennysheep_little_box
D:9:      orc_0_dummy
D:11:     lair_0_dummy, grunt_tengu_nest, uniq_maud, uniq_erolcha, uniq_snorg

Action                   |  1- 3 |  4- 6 |  7- 9 | 10-12 || total
-------------------------+-------+-------+-------+-------++-------
Melee: Spear             |    50 |    35 |     9 |       ||    94
       Unarmed           |     4 |       |       |       ||     4
       Dagger            |    93 |   255 |    73 |    40 ||   461
       Rapier            |       |       |   594 |   161 ||   755
       Scimitar          |       |       |       |   130 ||   130
Throw: Tomahawk          |       |     3 |    34 |    17 ||    54
       Javelin           |       |       |     2 |     2 ||     4
 Cast: Shock             |     7 |    11 |     9 |       ||    27
       Repel Missiles    |       |     1 |     2 |       ||     3
Evoke: Wand              |       |       |       |     7 ||     7
  Use: Scroll            |       |    16 |    12 |     2 ||    30
       Potion            |       |       |     3 |     2 ||     5
 Stab: Distracted        |       |       |     2 |     1 ||     3
  Eat: Chunk             |     1 |     4 |       |       ||     5
       Beef jerky        |       |     2 |     2 |       ||     4
       Pizza             |       |     1 |     2 |     1 ||     4
       Bread ration      |       |     1 |     3 |       ||     4
       Royal jelly       |       |       |     1 |       ||     1
       Fruit             |       |       |       |     3 ||     3
